 Dungeon Crawl Stone Soup version 0.26.1-10-gdfb7c7de75 (webtiles) character file.

Game seed: 17622337670304945517

102 Revguard the Ruffian (level 4, -4/44 HPs)
             Began as a Troll Monk on Apr 9, 2021.
             Was a Believer of Wu Jian.
             Splashed by Ijyb's acid (7 damage)
             ... on level 3 of the Dungeon.
             The game lasted 00:06:20 (2100 turns).

Revguard the Ruffian (Troll Monk)                   Turns: 2100, Time: 00:06:20

Health: -4/44      AC:  6    Str: 19    XL:     4   Next: 50%
Magic:  3/3        EV: 15    Int:  6    God:    Wu Jian [**....]
Gold:   142        SH:  0    Dex: 13    Spells: 3/3 levels left

rFire    . . .     SeeInvis .     - Unarmed
rCold    . . .     Faith    .   (no shield)
rNeg     . . .     Spirit   .   a - +0 robe
rPois    .         Reflect  .   (helmet restricted)
rElec    .         Harm     .   (no cloak)
rCorr    .         Rampage  .   (gloves unavailable)
Will     .....                  (boots unavailable)
Stlth    ++........             (no amulet)
HPRegen  0.54/turn              g - +4 ring of evasion
MPRegen  0.08/turn              (no ring)

@: no status effects
A: large, unfitting armour, claws 3, regeneration 1, shaggy fur 1, tough skin 3
a: Renounce Religion, Wall Jump


You were on level 3 of the Dungeon.
You worshipped Wu Jian.
Wu Jian was pleased with you.
You visited 1 branch of the dungeon, and saw 3 of its levels.

You collected 142 gold pieces.

Inventory:

Missiles
 c - 2 atropa-tipped darts (quivered)
Armour
 a - a +0 robe (worn)
Jewellery
 g - a +4 ring of evasion (left claw)
Scrolls
 h - a scroll of enchant weapon {unknown}
 j - a scroll of amnesia {unknown}
 k - 2 scrolls of remove curse {unknown}
 n - 2 scrolls of identify {unknown}
 o - a scroll of enchant armour {unknown}
 q - 3 scrolls of blinking {unknown}
 r - a scroll of fear {unknown}
Potions
 b - a potion of mutation {unknown}
 d - a potion of ambrosia {unknown}
 e - a potion of attraction {unknown}
 f - 2 potions of berserk rage {unknown}
 i - 3 potions of lignification {unknown}
 l - 2 potions of might {unknown}
 m - a potion of heal wounds {unknown}
 p - a potion of curing {unknown}


   Skills:
 * Level 2.8 Fighting
 * Level 0.6 Throwing
 * Level 0.9 Armour
 * Level 3.1 Dodging
 - Level 1.0 Stealth
 * Level 4.0 Unarmed Combat


You had 3 spell levels left.
You didn't know any spells.
Your spell library was empty.

Dungeon Overview and Level Annotations

Branches:
Dungeon (3/15)

Altars:
Cheibriados
Gozag
Wu Jian
The Shining One

Annotations:
D:3 Ijyb


Innate Abilities, Weirdness & Mutations

You are too large for most types of armour.
You have claws for hands.
Your natural rate of healing is unusually fast.
You are covered in fur. (AC +1)
You have extremely tough skin. (AC +3)


Message History

q - 3 scrolls labelled ZOKLI GAOPHUFU
r - a scroll labelled TUARUKOFFA You open the door.
There is an open door here.
A bat comes into view.
You lunge at the bat.
You claw the bat!
You kill the bat!
The Council accepts your kill.
Your Unarmed Combat skill increases to level 4!
Ijyb the Twisted Goblin comes into view.
She is wielding a +0 club and carrying a wand of acid (10).
Ijyb shouts!
Ijyb zaps a wand.
The bolt of acid hits you.
You are splashed with acid!
You lunge at Ijyb.
You barely miss Ijyb.
Ijyb zaps a wand.
The bolt of acid misses you.
You spin and attack Ijyb.
You closely miss Ijyb.
A rat comes into view.
Ijyb zaps a wand.
The bolt of acid hits you!!
* * * LOW HITPOINT WARNING * * *
You are splashed with acid!
You die...

############ #
#...........
#.########...........
#...@................
#r#.g................
+...............#..
#.?.....#######....
######### ##... #...
#... ##.# #..


You could see Ijyb and a rat (wandering).

Vanquished Creatures
  3 adders
  A worm (D:2)
  2 dart slugs
  3 leopard geckos
  6 bats
  2 giant cockroaches
  7 goblins
  9 hobgoblins
  10 jackals
  7 kobolds
  A frilled lizard (D:1)
  6 rats
57 creatures vanquished.

Vanquished Creatures (others)
  A fungus (D:1)
1 creature vanquished.

Grand Total: 58 creatures vanquished

Notes
Turn   | Place    | Note
-------+----------+-------------------------------------------
     0 | D:1      | Revguard the Troll Monk began the quest for the Orb.
     0 | D:1      | Reached XP level 1. HP: 22/22 MP: 0/0
    99 | D:1      | Reached XP level 2. HP: 27/29 MP: 1/1
   469 | D:1      | Reached XP level 3. HP: 30/36 MP: 2/2
  1334 | D:2      | Found a snail-covered altar of Cheibriados.
  1341 | D:2      | Found an opulent altar of Gozag.
  1344 | D:2      | Found an ornate altar of the Wu Jian Council.
  1386 | D:2      | Became a worshipper of the Wu Jian Council
  1386 | D:2      | Reached * piety under Wu Jian
  1386 | D:2      | Reached ** piety under Wu Jian
  1410 | D:2      | Found a glowing golden altar of the Shining One.
  1510 | D:2      | Reached XP level 4. HP: 44/44 MP: 3/3
  2080 | D:3      | Reached skill level 4 in Unarmed Combat
  2094 | D:3      | Noticed Ijyb
  2100 | D:3      | Splashed by Ijyb's acid

Illustrated notes

Levels and vault maps discovered:
D:1:      dpeg_arrival_lava_temple_mockup, layout_loops_ring,
          minmay_misc_feat_plants
D:2:      layout_loops_ring, general_overflow_altar,
          minmay_overflow_temple_star_quad, minivault_23
D:3:      layout_basic, uniq_natasha, uniq_jessica, uniq_ijyb

Skill      XL: |  1  2  3  4 |
---------------+-------------+-----
Dodging        | 3 |  3.1
Unarmed Combat | 4 |  4.0
Fighting       | |  2.8
Throwing       | |  0.6
Armour         | |  0.9
Stealth        | |  1.0

Action                   |  1- 3 |  4- 6 || total
-------------------------+-------+-------++-------
Melee: Unarmed           |   106 |    42 ||   148
       Punch             |     1 |     1 ||     2
Invok: Lunge             |     2 |     9 ||    11
       Whirlwind         |       |    19 ||    19
 Abil: Wall Jump         |     1 |       ||     1
 Stab: Sleeping          |     2 |     1 ||     3
Armor: Robe              |    37 |     8 ||    45
Dodge: Dodged            |    83 |    23 ||   106
